 Dungeon Crawl Stone Soup version 0.25-a0-96-g4073cf80fb (webtiles) character file.

Game seed: 10478118596036664550, levelgen mode: deterministic

363022 MrRokkomies the Wrestler (level 22, 0/192 HPs)
             Began as a Ghoul Monk on Nov 10, 2019.
             Was a High Priest of Qazlal.
             Killed from afar by a starcursed mass (6 damage)
             ... with an accursed screaming
             ... on level 4 of the Abyss on Nov 12, 2019.
             The game lasted 03:08:25 (40564 turns).

MrRokkomies the Wrestler (Ghoul Monk)              Turns: 40564, Time: 03:08:27

Health: 0/192      AC: 36    Str: 21    XL:     22   Next: 49%
Magic:  34/34      EV:  8    Int: 11    God:    Qazlal [*****.]
Gold:   1035       SH: 22    Dex: 11    Spells: 20/21 levels left

rFire    + + +     SeeInvis +     - Unarmed
rCold    + . .     Gourm    .   k - +1 shield {reflect}
rNeg     + + +     Faith    +   J - +10 plate armour of Poor Excuses {rF++ Int+2 Slay+3}
rPois    ∞         Spirit   .   c - +2 helmet
rElec    .         Reflect  +   K - +4 cloak of Wasted Space {rF+++ MR+ Stlth+}
rCorr    .         Harm     .   (no gloves)
MR       +++..                  j - +2 pair of boots
Stlth    ..........             x - amulet of faith
HPRegen  0.00/turn              G - ring of protection from magic
MPRegen  0.24/turn              o - ring of Fymoss {rN++ SInv}

@: very slightly contaminated, rotting, repel missiles
A: rotting body, claws 1, carnivore, cold resistance 1, negative energy
resistance 3, inhibited regeneration, torment resistance, unbreathing
}: 2/15 runes: decaying, serpentine
a: Upheaval, Elemental Force, Disaster Area, Renounce Religion


You were on level 4 of the Abyss.
You worshipped Qazlal.
Qazlal was extremely pleased with you.
You were not hungry.

You visited 7 branches of the dungeon, and saw 37 of its levels.
You visited the Abyss 4 times.
You visited 1 bazaar.
You also visited: Gauntlet and Ice Cave.

You collected 4993 gold pieces.
You spent 3958 gold pieces at shops.

Inventory:

Hand Weapons
 b - a +0 fustibalus
 F - the +7 fustibalus "Hellblazer" {freeze, MR+, unknown}
   (You found it on level 3 of the Abyss)

   It causes projectiles fired from it to freeze those they strike, causing
   extra injury to most foes and up to half again as much damage against
   particularly susceptible opponents.
   They can also slow down cold-blooded creatures.
   It affects your resistance to hostile enchantments.
Missiles
 e - 1057 stones (quivered)
 h - 273 sling bullets
 l - 2 throwing nets
 W - 8 curare-tipped darts
Armour
 c - a +2 helmet (worn)
 j - a +2 pair of boots (worn)
 k - a +1 shield of reflection (worn)
 J - the +10 plate armour of Poor Excuses (worn) {rF++ Int+2 Slay+3}
   (You bought it in a shop in a bazaar)

   It affects your intelligence (+2).
   It affects your accuracy and damage with ranged weapons and melee attacks
   (+3).
   It greatly protects you from fire.
 K - the +4 cloak of Wasted Space (worn) {rF+++ MR+ Stlth+}
   (You found it in a Gauntlet)

   It renders you almost immune to fire.
   It affects your resistance to hostile enchantments.
   It makes you more stealthy.
Jewellery
 o - the ring of Fymoss (right claw) {rN++ SInv}
   (You bought it in a shop on level 1 of the Elven Halls)

   [ring of see invisible]

   It greatly protects you from negative energy.
   It lets you see invisible.
 x - an amulet of faith (around neck)
 G - a ring of protection from magic (left claw)
 L - an uncursed ring of protection from cold
Wands
 a - a wand of paralysis (36)
 m - a wand of disintegration (20)
 s - a wand of acid (26)
 v - a wand of flame (18)
 A - a wand of polymorph (22)
 H - a wand of iceblast (56)
 O - a wand of clouds (12)
 R - a wand of scattershot (5)
 T - a wand of digging (8)
 Z - a wand of enslavement (17)
Scrolls
 n - 19 scrolls of remove curse
 u - 10 scrolls of teleportation
 w - 8 scrolls of magic mapping
 y - 5 scrolls of summoning
 z - 8 scrolls of enchant weapon
 B - 3 scrolls of torment
 D - 16 scrolls of identify
 N - 4 scrolls of fog
 P - 4 scrolls of fear
 Q - 7 scrolls of enchant armour
 X - 3 scrolls of silence
 Y - 6 scrolls of immolation
Potions
 d - 3 potions of resistance
 f - 10 potions of curing
 q - 8 potions of might
 r - 6 potions of cancellation
 t - 5 potions of haste
 C - 4 potions of agility
 E - 3 potions of brilliance
 I - 2 potions of flight
 U - a potion of invisibility
 V - 2 potions of magic
Miscellaneous
 g - a lightning rod (4/4)
 p - 2 sacks of spiders
 S - a fan of gales
Comestibles
 i - 76 rations


   Skills:
 - Level 15.0 Fighting
 - Level 10.0 Armour
 - Level 2.6 Dodging
 - Level 2.1 Stealth
 - Level 15.0 Shields
 * Level 24.8 Unarmed Combat
 + Level 18.5 Invocations
 * Level 9.0 Evocations


You had 20 spell levels left.
You knew the following spells:

 Your Spells              Type           Power        Failure   Level  Hunger
a - Confusing Touch       Hex            #.....       99%         1    ##.....

Your spell library contained the following spells:

 Spells                   Type           Power        Failure   Level  Hunger
 Animate Skeleton         Necr           N/A          99%         1    ##.....
 Apportation              Tloc           #.....       99%         1    ##.....
 Corona                   Hex            #......      99%         1    ##.....
 Flame Tongue             Conj/Fire      #....        99%         1    ##.....
 Magic Dart               Conj           #...         99%         1    ##.....
 Pain                     Necr           #...         99%         1    ##.....
 Sandblast                Erth           #.....       99%         1    ##.....
 Shock                    Conj/Air       #...         99%         1    ##.....
 Summon Butterflies       Summ           #.......     99%         1    ##.....
 Summon Small Mammal      Summ           #...         99%         1    ##.....
 Ensorcelled Hibernation  Hex/Ice        #.....       100%        2    ###....
 Passwall                 Tmut/Erth      #.......     100%        2    ###....
 Searing Ray              Conj           #.....       100%        2    ###....
 Slow                     Hex            #.......     100%        2    ###....
 Swiftness                Chrm/Air       #.......     100%        2    ###....
 Throw Flame              Conj/Fire      #.....       100%        2    ###....
 Call Canine Familiar     Summ           #.......     100%        3    ####...
 Confuse                  Hex            #.......     100%        3    ####...
 Conjure Flame            Conj/Fire      #.......     100%        3    ####...
 Dazzling Spray           Conj/Hex       #.....       100%        3    ####...
 Gell's Gravitas          Tloc           #.........   100%        3    ####...
 Ignite Poison            Fire/Tmut/Pois #.......     100%        3    ####...
 Inner Flame              Hex/Fire       #.......     100%        3    ####...
 Portal Projectile        Hex/Tloc       #.....       100%        3    ####...
 Recall                   Summ/Tloc      N/A          100%        3    ####...
 Regeneration             Chrm/Necr      #.........   100%        3    ####...
 Static Discharge         Conj/Air       #.......     100%        3    ####...
 Stone Arrow              Conj/Erth      #.....       100%        3    ####...
 Vampiric Draining        Necr           #.........   100%        3    ####...
 Airstrike                Air            #.........   100%        4    #####..
 Animate Dead             Necr           N/A          100%        4    #####..
 Cause Fear               Hex            #.........   100%        4    #####..
 Force Lance              Conj/Tloc      #.......     100%        4    #####..
 Fulminant Prism          Conj/Hex       #.........   100%        4    #####..
 Iskenderun's Mystic Bla  Conj           #.......     100%        4    #####..
 Leda's Liquefaction      Hex/Erth       #.........   100%        4    #####..
 Petrify                  Tmut/Erth      #.......     100%        4    #####..
 Sticky Flame             Conj/Fire      #.......     100%        4    #####..
 Summon Ice Beast         Ice/Summ       #.......     100%        4    #####..
 Aura of Abjuration       Summ           #.........   100%        5    ######.
 Bolt of Magma            Conj/Fire/Erth #.........   100%        5    ######.
 Borgnjor's Vile Clutch   Necr/Erth      #.........   100%        5    ######.
 Fireball                 Conj/Fire      #.........   100%        5    ######.
 Iskenderun's Battlesphe  Conj/Chrm      #.......     100%        5    ######.
 Lee's Rapid Deconstruct  Erth           #.........   100%        5    ######.
 Lightning Bolt           Conj/Air       #.........   100%        5    ######.
 Metabolic Englaciation   Hex/Ice        #.........   100%        5    ######.
 Silence                  Hex/Air        #.........   100%        5    ######.
 Summon Demon             Summ           #.........   100%        5    ######.
 Summon Forest            Summ/Tloc      #.........   100%        5    ######.
 Summon Mana Viper        Hex/Summ       #.......     100%        5    ######.
 Venom Bolt               Conj/Pois      #.........   100%        5    ######.
 Yara's Violent Unravell  Hex/Tmut       #.........   100%        5    ######.
 Bolt of Cold             Conj/Ice       #.........   100%        6    #######
 Bolt of Fire             Conj/Fire      #.........   100%        6    #######
 Darkness                 Hex            #.........   100%        6    #######
 Deflect Missiles         Chrm/Air       #.........   100%        6    #######
 Dispersal                Tloc           #.........   100%        6    #######
 Freezing Cloud           Conj/Ice/Air   #.........   100%        6    #######
 Iron Shot                Conj/Erth      #.........   100%        6    #######
 Ozocubu's Refrigeration  Ice            #.........   100%        6    #######
 Shadow Creatures         Summ           N/A          100%        6    #######
 Simulacrum               Ice/Necr       #.........   100%        6    #######
 Haunt                    Necr/Summ      #.........   100%        7    #######
 Orb of Destruction       Conj           #.........   100%        7    #######
 Ring of Flames           Chrm/Fire      #.........   100%        7    #######
 Spellforged Servitor     Conj/Summ      #.........   100%        7    #######
 Summon Hydra             Summ           #.........   100%        7    #######
 Controlled Blink         Tloc           N/A          100%        8    #######
 Discord                  Hex            #.........   100%        8    #######
 Disjunction              Tloc           #.........   100%        8    #######
 Ignition                 Fire           #.........   100%        8    #######
 Infestation              Necr           #.........   100%        8    #######
 Ice Form                 Ice/Tmut       Unusable     N/A         4    N/A
 Borgnjor's Revivificati  Necr           Unusable     N/A         8    N/A
 Death's Door             Chrm/Necr      Unusable     N/A         8    N/A
 Necromutation            Tmut/Necr      Unusable     N/A         8    N/A

Dungeon Overview and Level Annotations

Branches:
Dungeon (15/15)            Temple (0/1) D:4            Lair (6/6) D:8
  Swamp (4/4) Lair:4        Snake (4/4) Lair:2        Slime (0/5) Lair:6
    Orc (2/2) D:9             Elf (2/3) Orc:2        Vaults (4/5) D:14
  Crypt (0/3) Vaults:3     Depths (0/5) D:15          IceCv (visited)
Gauntlet (visited)

Altars:
Ashenzari
Hepliaklqana
Nemelex Xobeh
Qazlal
Ru
Trog
Uskayaw
Vehumet
Xom
Zin
Beogh
Jiyva

Shops:
D:4 ?   D:9 [   D:15 !   Orc:1 [   Orc:2 (*}%   Elf:1 *   Elf:2 *

Portals:
Pandemonium: Orc:2
Trove: Vaults:4 (give large shield of Ignorance)

Annotations:
D:7 3 runed translucent doors, MisterFreud's ghost, novice TrHu
D:13 2 runed translucent doors
Lair:5 exclusion: 3 oklob plants
Lair:6 3 runed translucent doors, azhores's ghost, journeyman OpCK
Swamp:1 2 runed translucent doors, Qugul's ghost, journeyman MiFi


Innate Abilities, Weirdness & Mutations

Your body is rotting away.
You thrive on raw meat.
You are immune to poison.
You have sharp fingernails.
You are carnivorous and can eat meat at any time.
Your flesh is cold resistant. (rC+)
You are immune to negative energy. (rN+++)
You do not regenerate when monsters are visible.
You are immune to unholy pain and torment.
You can survive without breathing.


Message History

Press: ? - help, Shift-Dir - straight line, f - you
Okay, then.
Unknown command.
Unknown command.
Press: ? - help, v - describe, . - travel
Here: a starcursed mass The floor.
Unknown command.
Unknown command.
Evoke which item? (* to show all) (? for menu, Esc to quit)
Aiming: Corrosive Bolt
Press: ? - help, Shift-Dir - straight line, f - starcursed mass
Aim: a starcursed mass The bolt of acid hits the starcursed mass!!
The starcursed mass is splashed with acid.
The acid corrodes the starcursed mass!
The starcursed mass is lightly damaged.
A starcursed mass splits.
The starcursed mass shrieks in your mind.
You die...

#..
...#...
# .
...# .
.#. .
..... .
## ....
.. .. #
.. .
....#
... .
.## . #
......
#### .
.. #
#.@# .
..
##X###
##.....
#.#
......
#. . .
. #.#
##.#..
# # . #
.# # #


You could see a starcursed mass.

Vanquished Creatures
  Saint Roka (Orc:2)
  the Lernaean hydra (Swamp:4)
  Vashnia (Snake:3)
  Bai Suzhen (Snake:4)
  The ghost of Esiny the Tortoise, an adept HuFi of the Shining One (Vaults:1)
  2 liches
  Asterion (Vaults:3)
  2 sphinxes
  4 tentacled starspawn
  Agnes (Elf:1)
  Roxanne (Elf:1)
  11 nagarajas
  3 thorn hunters
  A tengu reaver (Vaults:4)
  A fire giant (Vaults:2)
  A cacodemon (Abyss:2)
  A ghost moth (Abyss:4)
  2 frost giants
  Louise (D:15)
  2 vault wardens (Vaults:1)
  An orc warlord (Vaults:3)
  A deep elf elementalist (Elf:2)
  A ghoul (Vaults:4)
  6 very ugly things
  6 ironheart preservers
  2 deep elf demonologists
  2 entropy weavers
  3 stone giants
  A minotaur (Gauntlet)
  3 deep elf annihilators
  A green death (Gauntlet)
  Josephine (D:10)
  A deep elf death mage (Vaults:1)
  3 fire dragons
  Snorg (D:11)
  10 ogre magi
  3 yaktaur captains
  9 vault guards
  2 ice dragons
  4 great orbs of eyes
  2 rakshasas
  2 peacekeepers (Vaults:1)
  Erolcha (Orc:2)
  14 naga warriors
  A ghost crab (Swamp:2)
  2 death knights
  18 hydras
  6 centaur warriors
  13 anacondas
  3 shambling mangroves
  12 dancing weapons
  35 two-headed ogres
  9 alligators
  A deep troll shaman (Vaults:4)
  4 tengu warriors
  A death yak (Lair:5)
  Urug (Orc:2)
  6 orc high priests (Orc:2)
  5 spriggans
  7 shock serpents
  The ghost of kkknotok the Spry, a journeyman FeBe of Trog (Lair:4)
  Sonja (D:10)
  15 deep elf knights
  A soul eater (Abyss:2)
  4 skeletal warriors (Vaults:1)
  2 salamander mystics
  20 naga sharpshooters
  2 sixfirhies
  4 wretched stars
  A fire crab (shapeshifter) (Vaults:3)
  2 shadow demons (Abyss:2)
  A spatial maelstrom (Abyss:4)
  4 deep trolls (Vaults:4)
  3 wizards
  A sea snake (shapeshifter) (Elf:1)
  11 starcursed masses
  2 spriggan druids (Swamp:4)
  3 unseen horrors
  9 ironbrand convokers
  2 glowing orange brains
  10 swamp dragons
  A spectral hydra (Lair:4)
  A gelid demonspawn (Orc:2)
  2 torturous demonspawn (Orc:2)
  6 large abominations
  8 naga ritualists
  3 necromancers
  2 phantasmal warriors (Vaults:4)
  10 deep elf archers
  17 orc knights
  9 mana vipers
  2 oklob plants
  14 orc sorcerers
  20 ugly things
  36 deep elf magi
  4 harpies (Vaults:4)
  A salamander (shapeshifter) (Vaults:3)
  3 wolf spiders
  4 cyclopes
  A worldbinder (Abyss:4)
  15 salamanders
  A moth of wrath (shapeshifter) (D:13)
  2 manticores
  Maurice (Orc:2)
  45 black mambas
  4 elephants (Lair:6)
  7 guardian serpents
  37 naga magi
  An ice statue (IceCv)
  16 vault sentinels
  2 smoke demons
  3 gargoyles
  An orange demon (Abyss:2)
  A rime drake (shapeshifter) (Vaults:1)
  19 spiny frogs
  17 yaktaurs
  A kobold demonologist (D:14)
  16 freezing wraiths
  2 efreet
  A hellwing (Orc:2)
  11 komodo dragons
  2 ice devils (Orc:2)
  4 ancient zymes
  2 jumping spiders (Vaults:1)
  2 polar bears
  3 meliai (D:15)
  A wind drake (shapeshifter) (D:13)
  5 trolls
  10 slime creatures
  10 tyrant leeches
  11 blink frogs
  7 bog bodies
  11 hornets
  3 raiju (Abyss:2)
  A fire giant simulacrum (Vaults:3)
  5 dream sheep (Lair:6)
  8 hippogriffs
  4 vampires
  6 flying skulls (Abyss:2)
  8 redbacks
  42 yaks
  A tarantella (Vaults:4)
  3 water elementals
  3 shadows
  A ynoxinul (Abyss:4)
  7 wraiths
  5 fire elementals
  18 humans (D:14)
  A human (shapeshifter) (Vaults:3)
  A yak (shapeshifter) (Vaults:3)
  2 chaos spawn (Orc:2)
  12 wyverns
  A fire bat (Abyss:2)
  4 basilisks
  Grum (D:11)
  2 steam dragons (D:7)
  7 hogs
  3 neqoxecs
  16 vampire mosquitoes
  A warg (Orc:1)
  15 insubstantial wisps (Swamp:1)
  2 death yak simulacra
  2 spatial vortices (Abyss:4)
  A hungry ghost (D:7)
  42 nagas
  18 swamp worms
  16 water moccasins
  12 porcupines
  2 hell hounds (Gauntlet)
  13 swamp drakes
  A spectral torpor snail (Lair:4)
  5 black bears
  9 ice beasts
  62 orc warriors
  3 black mamba simulacra (Lair:4)
  2 sky beasts
  3 phantoms
  4 necrophages
  2 eyes of draining
  6 boggarts
  2 centaurs
  23 ogres
  14 wolves
  A centaur (shapeshifter) (Elf:1)
  An ogre (shapeshifter) (Vaults:1)
  15 crocodiles
  3 big kobolds
  Blork the orc (D:4)
  15 bullfrogs
  7 scorpions
  11 killer bees
  16 wights
  A howler monkey (D:5)
  6 electric eels
  A crimson imp (D:7)
  40 orc priests
  4 draconian simulacra (IceCv)
  2 jellies (D:11)
  7 hounds
  A komodo dragon simulacrum (Lair:4)
  6 centaur skeletons
  2 bullfrog skeletons
  An iron imp (Abyss:4)
  6 small abominations
  5 iguanas
  30 orc wizards
  6 hell rats (Lair:3)
  9 worker ants
  2 polar bear simulacra (IceCv)
  5 spriggan simulacra (IceCv)
  4 troll simulacra (IceCv)
  A wolf simulacrum (IceCv)
  2 centaur simulacra (IceCv)
  A hound skeleton (D:6)
  A worker ant zombie (D:8)
  4 gnolls (D:3)
  12 adders
  A howler monkey skeleton (D:4)
  5 naga simulacra (IceCv)
  3 shadow imps
  24 white imps
  An ufetubus (Abyss:2)
  2 oozes
  2 adder zombies
  An adder skeleton (D:7)
  4 worms
  3 dart slugs
  4 leopard geckos
  142 orcs
  4 bats
  4 giant cockroaches
  7 goblins
  8 hobgoblins
  12 jackals
  13 kobolds
  6 quokkas
  3 frilled lizards
  A leopard gecko skeleton (D:9)
  A quokka zombie (D:5)
  9 rats
  6 briar patches
  A plant (Lair:6)
  4 starspawn tentacles (Abyss:2)
1682 creatures vanquished.

Vanquished Creatures (collateral kills)
  Rupert (D:13)
  Kirke (Lair:5)
  2 wolves (Lair:4)
4 creatures vanquished.

Vanquished Creatures (others)
  Nikola (Snake:4)
  A vault warden (Vaults:4)
  4 naga sharpshooters
  2 deep elf knights
  2 deep elf archers (Elf:1)
  A salamander (Snake:4)
  2 yaktaurs
  A human (D:14)
  A chaos spawn (Abyss:4)
  2 nagas
  An eye of draining (Abyss:4)
  An orc priest (Orc:2)
  2 orcs (D:15)
  3 kobolds (D:9)
  A briar patch (Swamp:2)
  23 fungi
  2 lurking horrors
  25 plants
  6 starspawn tentacles (Abyss:2)
81 creatures vanquished.

Grand Total: 1767 creatures vanquished

Notes
Turn   | Place    | Note
-------+----------+-------------------------------------------
     0 | D:1      | MrRokkomies the Ghoul Monk began the quest for the Orb.
     0 | D:1      | Reached XP level 1. HP: 19/19 MP: 0/0
   176 | D:1      | Reached XP level 2. HP: 22/26 MP: 1/1
   527 | D:1      | Reached XP level 3. HP: 17/33 MP: 2/2
   654 | D:1      | Reached skill level 4 in Unarmed Combat
  1319 | D:2      | Reached XP level 4. HP: 20/41 MP: 3/3
  1952 | D:3      | Found a stormy altar of Qazlal.
  1953 | D:3      | Noticed a fire elemental
  1955 | D:3      | Noticed a water elemental
  1955 | D:3      | Noticed an air elemental
  1955 | D:3      | Noticed an earth elemental
  1960 | D:3      | Became a worshipper of Qazlal Stormbringer
  1960 | D:3      | Reached * piety under Qazlal
  1960 | D:3      | Reached ** piety under Qazlal
  2029 | D:3      | Reached XP level 5. HP: 27/47 MP: 4/4
  2042 | D:3      | Reached skill level 5 in Fighting
  2042 | D:3      | Reached skill level 5 in Unarmed Combat
  2077 | D:3      | Learned a level 1 spell: Confusing Touch
  2192 | D:3      | Reached skill level 1 in Invocations
  2765 | D:4      | Found a transporter.
  2765 | D:4      | Found a transporter.
  2808 | D:4      | Reached XP level 6. HP: 53/56 MP: 6/6
  2841 | D:4      | Found a hide-covered altar of Uskayaw.
  2876 | D:4      | Found a staircase to the Ecumenical Temple.
  2901 | D:4      | Noticed Blork the orc
  2912 | D:4      | Killed Blork the orc
  3150 | D:4      | Found a hazy altar of Hepliaklqana.
  3225 | D:4      | Reached skill level 6 in Unarmed Combat
  3408 | D:4      | Found Hehuhuf's Magic Scroll Emporium.
  3417 | D:4      | Bought a scroll of magic mapping for 38 gold pieces
  3417 | D:4      | Bought a scroll of identify for 22 gold pieces
  3419 | D:4      | Got a bloodstained robe
  3436 | D:4      | Identified the cursed +1 robe of Exclusion {rN+ MR+ Str-4}
                  | (You found it on level 4 of the Dungeon)
  3644 | D:4      | Reached XP level 7. HP: 63/63 MP: 2/7
  3719 | D:5      | Entered Level 5 of the Dungeon
  3806 | D:5      | Reached *** piety under Qazlal
  3837 | D:5      | Reached skill level 7 in Unarmed Combat
  3842 | D:5      | Reached XP level 8. HP: 43/73 MP: 9/9
  3905 | D:5      | Found a bloodstained altar of Trog.
  4455 | D:6      | Found a sacrificial altar of Ru.
  4456 | D:6      | Found a shattered altar of Ashenzari.
  4479 | D:6      | Reached skill level 8 in Unarmed Combat
  4525 | D:6      | Identified a scroll of acquirement
  4818 | D:6      | Got a sheer robe
  4829 | D:6      | Identified the +0 robe of the Insatiable Queens {Str+3}
                  | (You found it on level 6 of the Dungeon)
  5231 | D:7      | Reached XP level 9. HP: 81/81 MP: 11/11
  5233 | D:7      | You fall into a shaft and drop 1 floor!
  5238 | D:8      | Reached **** piety under Qazlal
  5288 | D:8      | Reached skill level 5 in Invocations
  5302 | D:8      | Reached skill level 9 in Unarmed Combat
  5516 | D:7      | Reached skill level 10 in Fighting
  5516 | D:7      | Reached skill level 10 in Unarmed Combat
  5639 | D:7      | Found a runed translucent gate.
  5639 | D:7      | Found a runed translucent gate.
  5639 | D:7      | Found a runed translucent gate.
  5639 | D:7      | Noticed MisterFreud's ghost (novice TrHu)
  5713 | D:7      | Reached XP level 10. HP: 53/93 MP: 13/13
  5919 | D:8      | Reached ***** piety under Qazlal
  6085 | D:8      | Found a staircase to the Lair.
  6104 | D:8      | Found a shimmering altar of Xom.
  6597 | D:9      | Noticed a two-headed ogre
  6603 | D:8      | Killed a two-headed ogre
  6603 | D:8      | Reached skill level 11 in Unarmed Combat
  6808 | Lair:1   | Entered Level 1 of the Lair of Beasts
  7201 | Lair:1   | Reached XP level 11. HP: 91/104 MP: 15/15
  7555 | Lair:2   | Found a staircase to the Snake Pit.
  7675 | Lair:2   | Reached skill level 12 in Unarmed Combat
  9259 | Lair:4   | Reached skill level 13 in Unarmed Combat
  9319 | Lair:4   | Noticed a four-headed hydra
  9324 | Lair:4   | Killed a four-headed hydra
  9344 | Lair:4   | Reached XP level 12. HP: 89/114 MP: 11/17
  9611 | Lair:4   | Found a runed translucent gate.
  9611 | Lair:4   | Found a runed translucent gate.
  9611 | Lair:4   | Found a runed translucent gate.
  9612 | Lair:4   | Noticed kkknotok's ghost (journeyman FeBe)
  9626 | Lair:4   | Found a staircase to the Swamp.
 10178 | Lair:5   | Noticed Kirke
 10634 | Lair:5   | Killed Kirke
 10634 | Lair:5   | Reached skill level 14 in Unarmed Combat
 10750 | Lair:5   | Reached skill level 10 in Invocations
 10797 | Lair:5   | Noticed a four-headed hydra
 10801 | Lair:5   | Killed a four-headed hydra
 10857 | Lair:5   | Noticed a death yak
 10867 | Lair:5   | Killed a death yak
 10892 | Lair:5   | Found the +7 lajatang of Order {silver, rMut}
 10993 | Lair:5   | Reached XP level 13. HP: 65/125 MP: 19/19
 11335 | Lair:6   | Entered Level 6 of the Lair of Beasts
 11335 | Lair:6   | Found a runed translucent gate.
 11335 | Lair:6   | Found a runed translucent gate.
 11335 | Lair:6   | Found a runed translucent gate.
 11873 | Lair:5   | HP: 4/125 [yak (12)]
 12053 | Lair:6   | Noticed a death ooze
 12054 | Lair:6   | Noticed a death ooze
 12054 | Lair:6   | Noticed azhores's ghost (journeyman OpCK)
 12070 | Lair:6   | Reached skill level 15 in Fighting
 12081 | Lair:6   | Reached skill level 15 in Unarmed Combat
 12285 | Lair:6   | Reached skill level 1 in Evocations
 12477 | Lair:6   | Found a staircase to the Slime Pits.
 12726 | Lair:6   | Reached skill level 16 in Unarmed Combat
 13209 | Lair:6   | Found a viscous altar of Jiyva.
 13436 | D:9      | Reached XP level 14. HP: 83/134 MP: 21/21
 13526 | D:9      | Found a roughly hewn altar of Beogh.
 13547 | D:9      | Found Bemyexzo's Antique Armour Shop.
 13556 | D:9      | Found a glowing silver altar of Zin.
 13690 | D:9      | Found a staircase to the Orcish Mines.
 14045 | Orc:1    | Entered Level 1 of the Orcish Mines
 14051 | Orc:1    | Found Igeotir's Armour Boutique.
 14077 | Orc:1    | Bought a +1 plate armour of cold resistance for 385 gold
                  | pieces
 14166 | Orc:2    | Entered Level 2 of the Orcish Mines
 14172 | Orc:2    | Reached skill level 5 in Evocations
 14206 | Orc:2    | Noticed Saint Roka
 14491 | Orc:2    | Killed Saint Roka
 15202 | Orc:2    | Found a roughly hewn altar of Beogh.
 15307 | Orc:2    | Noticed Erolcha
 15332 | Orc:2    | Killed Erolcha
 15351 | Orc:2    | Noticed Urug
 15365 | Orc:2    | Killed Urug
 15427 | Orc:2    | Noticed Maurice
 15434 | Orc:2    | Killed Maurice
 15454 | Orc:2    | Upgraded the game from 0.25-a0-87-ga3d287bc14 to
                  | 0.25-a0-94-g9e23508adf
 15471 | Orc:2    | Found a staircase to the Elven Halls.
 15624 | Orc:2    | Reached skill level 1 in Armour
 15648 | Orc:2    | Found Lefaskug's Food Shoppe.
 15658 | Orc:2    | Found Ojeotehihe's General Store.
 15917 | Orc:2    | Reached skill level 17 in Unarmed Combat
 16271 | Orc:2    | Found Xosirese's Gadget Shop.
 16271 | Orc:2    | Found Xutat's Antique Weapon Boutique.
 16271 | Orc:2    | Found a one-way gate leading to the halls of Pandemonium.
 16518 | Orc:2    | Bought a lightning rod (4/4) for 440 gold pieces
 16518 | Orc:2    | Bought a wand of scattershot (5) for 297 gold pieces
 16547 | Orc:2    | Bought a wand of digging (2) for 168 gold pieces
 16670 | D:10     | Entered Level 10 of the Dungeon
 16810 | D:10     | Reached XP level 15. HP: 141/141 MP: 23/23
 16811 | D:10     | Noticed Josephine
 16818 | D:10     | Killed Josephine
 16830 | D:10     | Reached ****** piety under Qazlal
 17083 | D:10     | Noticed Sonja
 17093 | D:10     | Killed Sonja
 17290 | D:11     | Noticed Snorg
 17292 | D:11     | Noticed Grum
 17307 | D:11     | Killed Grum
 17317 | D:11     | Killed Snorg
 17317 | D:11     | Reached skill level 5 in Armour
 17349 | D:11     | Found a frozen archway.
 17377 | IceCv    | Entered an ice cave
 18195 | IceCv    | Found an ancient bone altar of Kikubaaqudgha.
 19792 | D:13     | Found a gate leading to a gauntlet.
 19801 | Gauntlet | Entered a Gauntlet
 19801 | Gauntlet | Found a transporter.
 19801 | Gauntlet | Found a transporter.
 19802 | Gauntlet | Found a transporter.
 19805 | Gauntlet | Found a transporter.
 19805 | Gauntlet | Found a transporter.
 19818 | Gauntlet | Found a transporter.
 19824 | Gauntlet | Found a transporter.
 19845 | Gauntlet | Found a transporter.
 19846 | Gauntlet | Found a transporter.
 19904 | Gauntlet | Found a transporter.
 19916 | Gauntlet | Found a transporter.
 19940 | Gauntlet | Found a transporter.
 20231 | Gauntlet | Reached skill level 18 in Unarmed Combat
 20249 | Gauntlet | Got a smoking cloak
 20278 | Gauntlet | Got a fine silver ring
 20289 | Gauntlet | Identified the +4 cloak of Wasted Space {rF+++ MR+ Stlth+}
                  | (You found it in a Gauntlet)
 20300 | Gauntlet | Identified the ring "Epocox" {*Corrode rC+ MP+9 Str+4} (You
                  | found it in a Gauntlet)
 20392 | D:13     | Noticed Rupert
 20414 | D:13     | Killed Rupert
 20551 | D:13     | Found a large runed translucent door.
 20552 | D:13     | Found a large runed translucent door.
 20812 | D:13     | Noticed a tengu reaver
 21234 | D:14     | Cast into level 2 of the Abyss (a wizard)
 21273 | Abyss:2  | Found a shadowy altar of Dithmenos.
 21312 | Abyss:2  | Noticed a tentacled starspawn
 21314 | Abyss:2  | Noticed a lich
 21317 | Abyss:2  | Killed a tentacled starspawn
 21317 | Abyss:2  | Reached XP level 16. HP: 147/149 MP: 20/25
 21322 | Abyss:2  | Killed a lich
 21409 | Abyss:2  | Noticed a tentacled starspawn
 21461 | D:14     | Escaped the Abyss
 21894 | D:14     | Found a gate to the Vaults.
 22328 | D:15     | Entered Level 15 of the Dungeon
 22335 | D:15     | Reached skill level 19 in Unarmed Combat
 22341 | D:15     | Noticed Louise
 22353 | D:15     | Reached skill level 1 in Shields
 22356 | D:15     | Killed Louise
 22441 | D:15     | Cast into level 2 of the Abyss (orc warrior)
 22495 | Abyss:2  | Noticed a tentacled starspawn
 22505 | Abyss:2  | Killed a tentacled starspawn
 22588 | Abyss:2  | Noticed a tentacled starspawn
 22597 | Abyss:2  | Killed a tentacled starspawn
 22607 | Abyss:2  | Noticed a daeva
 22615 | D:15     | Escaped the Abyss
 23231 | D:15     | Found Zyucuyxt's Distillery.
 23319 | D:15     | Found a staircase to the Depths.
 23417 | D:15     | Found a sparkling altar of Nemelex Xobeh.
 23846 | Swamp:1  | Entered Level 1 of the Swamp
 23856 | Swamp:1  | Reached skill level 10 in Armour
 24055 | Swamp:1  | Reached XP level 17. HP: 122/156 MP: 26/26
 24177 | Swamp:1  | Found a large runed translucent door.
 24177 | Swamp:1  | Found a large runed translucent door.
 24178 | Swamp:1  | Noticed Qugul's ghost (journeyman MiFi)
 25505 | Swamp:2  | Found a radiant altar of Vehumet.
 25573 | Swamp:2  | Reached skill level 5 in Shields
 26448 | Swamp:3  | Reached skill level 20 in Unarmed Combat
 26809 | Swamp:4  | Entered Level 4 of the Swamp
 27338 | Swamp:4  | Noticed the 27-headed Lernaean hydra
 27359 | Swamp:4  | Killed the 27-headed Lernaean hydra
 27419 | Swamp:4  | Reached skill level 15 in Invocations
 27535 | Swamp:4  | Got a decaying rune of Zot
 28184 | Lair:4   | Killed kkknotok's ghost
 28276 | Snake:1  | Entered Level 1 of the Snake Pit
 28285 | Snake:1  | Reached XP level 18. HP: 148/162 MP: 28/28
 29340 | Snake:2  | Reached skill level 21 in Unarmed Combat
 29346 | Snake:2  | Cast into level 1 of the Abyss (naga mage)
 29346 | Abyss:1  | Found a corrupted altar of Lugonu.
 29366 | Snake:2  | Escaped the Abyss
 29374 | Snake:2  | HP: 3/162 [naga sharpshooter/arrow (8)]
 29375 | Snake:2  | Found a hazy altar of Hepliaklqana.
 30427 | Snake:3  | Reached skill level 10 in Shields
 30436 | Snake:3  | Noticed Vashnia
 30444 | Snake:3  | Killed Vashnia
 31051 | Snake:4  | Entered Level 4 of the Snake Pit
 31102 | Snake:4  | Reached XP level 19. HP: 96/170 MP: 24/29
 31738 | Snake:4  | Reached skill level 22 in Unarmed Combat
 32769 | Snake:4  | Noticed Nikola
 32778 | Snake:4  | Killed Nikola
 32962 | Snake:4  | Noticed Bai Suzhen
 32987 | Snake:4  | Killed Bai Suzhen
 33031 | Snake:4  | Got a serpentine rune of Zot
 33413 | Vaults:1 | Entered Level 1 of the Vaults
 33485 | Vaults:1 | Reached XP level 20. HP: 141/178 MP: 31/31
 34119 | Vaults:1 | Reached skill level 23 in Unarmed Combat
 34526 | Vaults:1 | Found a runed translucent door.
 34625 | Vaults:1 | Noticed Esiny's ghost (adept HuFi)
 34644 | Vaults:1 | Killed Esiny's ghost
 34648 | Vaults:1 | Identified Sif Muna's Handbook of the Creative Arsonist
 34729 | Vaults:2 | Found a flickering gateway to a bazaar.
 34739 | Bazaar   | Entered a bazaar
 34769 | Bazaar   | Found Matinuhe's Magic Scroll Emporium.
 34784 | Bazaar   | Found Mets's Armour Emporium.
 34838 | Bazaar   | Bought the +10 plate armour of Poor Excuses {rF++ Int+2
                  | Slay+3} for 1758 gold pieces
 34868 | Bazaar   | Bought a scroll of enchant armour for 75 gold pieces
 34868 | Bazaar   | Bought a scroll of blinking for 75 gold pieces
 35375 | Vaults:2 | Identified the +5 hand axe "Ymom" {pain, +Rage Str+6
                  | Stlth+}
 36218 | Vaults:3 | Noticed Asterion
 36231 | Vaults:3 | Killed Asterion
 36243 | Vaults:3 | Reached XP level 21. HP: 158/184 MP: 26/32
 36755 | Vaults:3 | Found a staircase to the Crypt.
 37499 | Vaults:4 | Reached skill level 24 in Unarmed Combat
 37746 | Vaults:4 | Found a portal to a secret trove of treasure.
 37849 | Vaults:4 | Reached skill level 15 in Shields
 38843 | Elf:1    | Entered Level 1 of the Elven Halls
 38924 | Elf:1    | Reached XP level 22. HP: 57/192 MP: 30/34
 39247 | Elf:1    | Noticed Agnes
 39255 | Elf:1    | Killed Agnes
 39429 | Elf:1    | Identified Roxanne's Volume of Earth
 39429 | Elf:1    | Noticed Roxanne
 39442 | Elf:1    | Killed Roxanne
 39477 | Elf:1    | Found Pureabemp's General Store.
 39488 | Elf:1    | Bought the ring of Fymoss {rN++ SInv} for 520 gold pieces
 39569 | Elf:1    | Identified the Incunabulum of Attacks
 39699 | Elf:2    | Found Tevupas's Assorted Antiques.
 39771 | Elf:2    | Bought a scroll of blinking for 180 gold pieces
 39883 | Elf:2    | Upgraded the game from 0.25-a0-94-g9e23508adf to
                  | 0.25-a0-96-g4073cf80fb
 40036 | Elf:2    | Found a runed translucent gate.
 40038 | Elf:2    | Found a runed translucent gate.
 40039 | Elf:2    | Found a runed translucent gate.
 40254 | Elf:2    | Cast into level 2 of the Abyss (+1 mace of distortion)
 40317 | Abyss:3  | Found a corrupted altar of Lugonu.
 40327 | Abyss:3  | Got a transparent fustibalus
 40463 | Abyss:4  | Found a corrupted altar of Lugonu.
 40493 | Abyss:4  | HP: 8/192 [spatial maelstrom (3)]
 40493 | Abyss:4  | HP: 2/192 [spatial maelstrom (6)]
 40552 | Abyss:4  | HP: 2/192 [large abomination (23)]
 40564 | Abyss:4  | Killed from afar by a starcursed mass

Levels and vault maps discovered:
D:1:      saegor_arrival_simple_b, layout_basic
D:2:      layout_basic, minmay_misc_feat_doors, minmay_goblin_kobold_house
D:3:      layout_basic, chequers_serial_rivers_room_b,
          nicolae_qazlal_style_of_elements
D:4:      gammafunk_wand_slinger, layout_basic, eat_drink_and_be_merry_uskayaw,
          lemuel_coloured_pillars_altar, minmay_temple_entry_statues_fountains,
          first_ration, serial_shops,
          nicolae_shop_temple_entry_statues_fountains, minmay_misc_feat_iff,
          minmay_misc_feat_diagonals, uniq_blork_the_orc
D:5:      layout_cave_pools, lightli_temple_of_fire
D:6:      layout_layer_cave, chequers_temple_overflow_statue_of_worship
D:7:      kennysheep_steamy, layout_gridville, gammafunk_ghost_split
D:8:      layout_basic, kennysheep_mini, minmay_lair_entry_grove
D:9:      wander_river, layout_cave_pools, lemuel_doored_altar, david_orc_5,
          serial_shops, shop, serial_column_ruins, column_ruins_hut,
          column_ruins_square_medium, column_ruins_open_medium,
          column_ruins_open_small, column_ruins_grid_2,
          column_ruins_columns_dead_end, column_ruins_columns_straight
D:10:     kennysheep_spiral_hall, layout_basic, blue_anna_alchemist
          [blue_anna_fruit_fields, blue_anna_fruit_fields], uniq_sonja,
          uniq_josephine
D:11:     layout_loops_cross, portal_ice_cave_entry_imps, uniq_snorg, uniq_grum
D:12:     layout_stronghold, st_stairs_6, mrwooster_statue_mirror
D:13:     layout_roguey, gauntlet_entry_generic, jmf_multi_god_temple2,
          uniq_rupert
D:14:     layout_grid_maze, grunt_vaults_entry_tiered,
          chequers_serial_rivers_small_a
D:15:     grunt_enter_depths_magical_seal, layout_irregular_city, serial_shops,
          nicolae_shop_waterfront, hangedman_decor_riveting, st_stairs_7,
          nemelex_altar_shiori, uniq_louise
Lair:1:   layout_regular_city, minivault_26, beast_lair_carwin_3
Lair:2:   layout_chaotic_city, dummy_snake_entry, nicolae_quartered_pool_medium,
          minivault_19, serial_bayou_lagoon_b
Lair:3:   layout_cave_pods, serial_bayou_shore_a
Lair:4:   layout_cave_pods, skrybe_swamp_entry_bodies,
          gammafunk_ghost_necromancy
Lair:5:   layout_hall_layers, beast_lair_carwin_1, minmay_lair_oklob_chamber,
          uniq_kirke
Lair:6:   hangedman_lair_tendril_chambers, layout_gridlike, slime_dummy,
          gammafunk_ghost_ooze, ldierk_geyser, minivault_11
Swamp:1:  layout_basic_swamp, ebering_ghost_disaster_area,
          evilmike_swamp_ruin_rubble_2
Swamp:2:  layout_falls_marsh, hangedman_swamp_pad, swamp_pool4,
          lemuel_altar_in_water2
Swamp:3:  layout_falls_marsh, nicolae_swamp_trees_clearing
Swamp:4:  swamp_old_school, layout_basic_swamp
Snake:1:  layout_grid_maze
Snake:2:  dpeg_oklob_gauntlet, layout_onion_interference, basic_altar,
          st_stairs_13
Snake:3:  layout_cave_town, hangedman_corner_corridor, uniq_vashnia
Snake:4:  snake_pit, layout_onion_interference, uniq_nikola, uniq_bai_suzhen
Orc:1:    layout_diamond_mine, serial_shops, nicolae_shop_trees
Orc:2:    pf_orc_diabolical, layout_caves, basic_altar, minmay_orc_keep,
          uniq_maurice, uniq_saint_roka, uniq_erolcha, uniq_urug
Elf:1:    minmay_elf_arrival_circle, layout_rooms, serial_shops,
          nicolae_shop_waterfront, minmay_elf_annihilation, uniq_agnes,
          uniq_roxanne
Elf:2:    layout_geoelf_diagonals, serial_shops, nicolae_shop_trees
Vaults:1: ebering_vaults_ghost_reflecting_pool, v_rooms_5, st_diamondy,
          v_rooms_6, v_misc_33, v_misc_10, vaults_room_grunt_arrival_ludios,
          hangedman_vaults_maws, vaults_room_fancy_cross, v_misc_15,
          layout_vaults_omnibox, portal_desolation_entry_twin_temple
Vaults:2: hangedman_vaults_impose, v_misc_3, ontoclasm_vaults_ring_small,
          ontoclasm_vaults_fault, v_rooms_6, ontoclasm_vaults_ring_small,
          vaults_room_grid, hangedman_vaults_maws, vaults_dpeg_hooks,
          vaults_dpeg_cross, v_misc_15, v_misc_19, layout_vaults_omnigrid,
          serial_shops, bzr_entry_customers
Vaults:3: v_misc_26, hangedman_vaults_slice, v_misc_23, vaults_mumra_chevron,
          ontoclasm_vaults_eye, nicolae_vaults_what_the_h,
          ontoclasm_vaults_chip, grunt_vaults_focal,
          minmay_crypt_entry_nasty_monster, vaults_room_door_ring,
          ontoclasm_vaults_gateway, nicolae_vaults_gold_heap,
          nicolae_vaults_circle_grid_a, v_pattern_3, layout_vaults_maze_snakey,
          uniq_asterion
Vaults:4: v_rooms_3, v_rooms_1, nicolae_vaults_network_barrier, v_misc_12,
          v_misc_8, vaults_dpeg_ring, layout_vaults_chaotic_city, enter_trove_5
Abyss:4:  base: D:14, gammafunk_corrupted_shrine,
          nicolae_abyss_rune_left_handed, minivault_20, minivault_28,
          dshaligram_kb_abyss_rune_zappy_water_cross, evilmike_abyss_rune_ettins

Skill      XL: |  1  2  3  4  5  6  7  8  9 10 11 12 13 14 15 16 17 18 19 20 21 22 |
---------------+-------------------------------------------------------------------+-----
Fighting       | 4 5 6 7 8 10 11 13 14 15 | 15.0
Unarmed Combat | 4 5 6 7 8 10 11 13 14 16 17 18 19 20 21 22 23 24 | 24.8
Invocations    | 1 2 3 4 6 7 9 10 11 12 13 14 15 16 17 18 | 18.5
Evocations     | 4 6 7 9 |  9.0
Armour         | 4 8 10 | 10.0
Shields        | 3 7 10 12 13 15 | 15.0
Dodging        | |  2.6
Stealth        | |  2.1

Action                   |  1- 3 |  4- 6 |  7- 9 | 10-12 | 13-15 | 16-18 | 19-21 | 22-24 || total
-------------------------+-------+-------+-------+-------+-------+-------+-------+-------++-------
Melee: Unarmed           |   140 |   164 |   305 |   449 |  1329 |  1365 |  1574 |   293 ||  5619
       Punch             |     1 |     4 |    12 |    25 |    73 |     3 |       |       ||   118
 Fire: Hunting sling     |     6 |     1 |    13 |    14 |    73 |    23 |     6 |       ||   136
Throw: Stone             |       |       |     1 |       |       |       |       |       ||     1
Invok: Upheaval          |       |     1 |       |    10 |    23 |    35 |    31 |     7 ||   107
       Elemental Force   |       |       |       |     3 |     1 |     1 |       |       ||     5
       Disaster Area     |       |       |       |     1 |       |       |     2 |       ||     3
Evoke: Wand              |       |       |     1 |     1 |    12 |    24 |     5 |     2 ||    45
       Fan of gales      |       |       |       |       |       |     1 |     1 |       ||     2
  Use: Scroll            |     4 |    12 |     3 |    13 |    14 |     8 |     4 |     5 ||    63
       Potion            |       |       |       |     3 |     5 |     6 |     3 |     5 ||    22
 Stab: Sleeping          |     5 |     1 |       |       |       |       |       |       ||     6
       Paralysed         |       |       |     5 |     2 |     7 |       |       |       ||    14
       Confused          |       |       |       |       |       |     2 |       |       ||     2
       Distracted        |       |       |       |       |       |     1 |       |       ||     1
  Eat: Chunk             |    12 |    15 |    27 |    90 |   142 |    76 |    55 |    19 ||   436
       Ration            |       |       |       |       |     1 |       |       |       ||     1
Armor: Robe              |    34 |    11 |       |       |       |       |       |       ||    45
       Chain mail        |       |    41 |   196 |   267 |   193 |       |       |       ||   697
       Plate armour      |       |       |       |       |   393 |   682 |   431 |    63 ||  1569
Dodge: Dodged            |    76 |    56 |   128 |   161 |   365 |   183 |   141 |    29 ||  1139
       Deflected         |       |       |       |     4 |    29 |    25 |    37 |     3 ||    98
Block: Other             |       |    11 |    47 |   129 |   347 |    19 |       |       ||   553
       Shield            |       |       |       |       |       |  1089 |  1069 |   184 ||  2342
       Reflection        |       |       |       |       |       |    72 |   103 |    30 ||   205

Table legend:
 A = Non-vault XP
 B = Vault XP
 C = Vault XP percentage of total XP
 D = Non-vault monster count
 E = Vault monster count
 F = Vault count percentage of total count
                 A         B        C        D         E       F
            +---------+---------+-------+---------+---------+-------
      Total |  369159 |  280898 |  43.2 |    1100 |     590 |  34.9
            +---------+---------+-------+---------+---------+-------
        D:1 |      45 |       0 |   0.0 |      23 |       0 |   0.0
        D:2 |      69 |       5 |   6.8 |      25 |       3 |  10.7
        D:3 |     162 |       0 |   0.0 |      19 |       0 |   0.0
        D:4 |     234 |     197 |  45.7 |      13 |       5 |  27.8
        D:5 |     773 |       0 |   0.0 |      30 |       0 |   0.0
        D:6 |     836 |       0 |   0.0 |      22 |       0 |   0.0
        D:7 |     888 |     517 |  36.8 |      21 |       3 |  12.5
        D:8 |    2202 |    1555 |  41.4 |      29 |      12 |  29.3
        D:9 |    1052 |     568 |  35.1 |      32 |      23 |  41.8
       D:10 |    1409 |    3433 |  70.9 |      19 |      11 |  36.7
       D:11 |    2436 |    1853 |  43.2 |      18 |      18 |  50.0
       D:12 |    4439 |     220 |   4.7 |      27 |       1 |   3.6
       D:13 |    1290 |    4445 |  77.5 |      13 |       5 |  27.8
       D:14 |   10209 |    7051 |  40.9 |      35 |      25 |  41.7
       D:15 |    9558 |    8131 |  46.0 |      31 |      12 |  27.9
     Lair:1 |     740 |    1155 |  60.9 |       4 |       7 |  63.6
     Lair:2 |    2687 |       0 |   0.0 |      14 |       0 |   0.0
     Lair:3 |    3015 |       0 |   0.0 |      20 |       0 |   0.0
     Lair:4 |    5856 |    3495 |  37.4 |      28 |      14 |  33.3
     Lair:5 |    6762 |    7037 |  51.0 |      29 |      15 |  34.1
     Lair:6 |    7012 |    9967 |  58.7 |      24 |      36 |  60.0
    Swamp:1 |   13237 |       0 |   0.0 |      49 |       0 |   0.0
    Swamp:2 |    9589 |       0 |   0.0 |      26 |       0 |   0.0
    Swamp:3 |    7458 |       0 |   0.0 |      14 |       0 |   0.0
    Swamp:4 |   16601 |   20622 |  55.4 |      35 |      22 |  38.6
    Snake:1 |   18239 |       0 |   0.0 |      43 |       0 |   0.0
    Snake:2 |   19793 |    1410 |   6.7 |      28 |       3 |   9.7
    Snake:3 |   22488 |   14753 |  39.6 |      39 |      16 |  29.1
    Snake:4 |   30268 |   40680 |  57.3 |      53 |      47 |  47.0
      Orc:1 |    1619 |     313 |  16.2 |      18 |       2 |  10.0
      Orc:2 |    3646 |   24930 |  87.2 |      23 |      88 |  79.3
      Elf:1 |   21165 |   12385 |  36.9 |      37 |      16 |  30.2
      Elf:2 |   10295 |    9635 |  48.3 |      14 |      12 |  46.2
   Vaults:1 |   19029 |   36987 |  66.0 |      32 |      45 |  58.4
   Vaults:2 |   25689 |    9886 |  27.8 |      59 |      14 |  19.2
   Vaults:3 |   21283 |   26791 |  55.7 |      41 |      42 |  50.6
   Vaults:4 |   35366 |   16624 |  32.0 |      52 |      22 |  29.7
    Abyss:1 |     131 |       0 |   0.0 |       1 |       0 |   0.0
    Abyss:2 |   25019 |       0 |   0.0 |      44 |       0 |   0.0
    Abyss:4 |    6570 |    6203 |  48.6 |      16 |       9 |  36.0
      IceCv |       0 |    6373 | 100.0 |       0 |      54 | 100.0
   Gauntlet |       0 |    3677 | 100.0 |       0 |       8 | 100.0
            +---------+---------+-------+---------+---------+-------
